 Dungeon Crawl Stone Soup version 0.26-a0-753-g4680b4fa2e (webtiles) character file.

Game seed: 18379788413293180277

223 Descartes the Shield-Bearer (level 6, -4/49 HPs)
             Began as a Formicid Fighter on Nov 7, 2020.
             Slain by Duvessa
             ... wielding a +0 short sword
              (9 damage)
             ... on level 4 of the Dungeon.
             The game lasted 00:05:05 (2910 turns).

Descartes the Shield-Bearer (Formicid Fighter)      Turns: 2910, Time: 00:05:05

Health: -4/49      AC:  7    Str: 22    XL:     6   Next: 20%
Magic:  6/6        EV:  8    Int:  8    God:
Gold:   143        SH: 10    Dex: 10    Spells: 3/5 levels left

rFire    + . .     SeeInvis +   x - +2 hand axe (vamp)
rCold    . . .     Faith    .   c - +0 kite shield
rNeg     . . .     Spirit   .   b - +0 scale mail
rPois    +         Reflect  .   (helmet unavailable)
rElec    .         Harm     .   (no cloak)
rCorr    .         Rampage  .   (no gloves)
MR       .....                  (no boots)
Stlth    ..........             (no amulet)
HPRegen  0.16/turn              m - ring of protection from fire
MPRegen  0.10/turn              p - ring of poison resistance

@: no status effects
A: permanent stasis, dig shafts and tunnels, four strong arms, antennae 3
a: Dig, Shaft Self


You were on level 4 of the Dungeon.
You visited 1 branch of the dungeon, and saw 4 of its levels.

You collected 143 gold pieces.

Inventory:

Hand Weapons
 a - a +0 war axe
 s - a +1 vampiric whip
 x - a +2 vampiric hand axe (weapon)
Missiles
 e - 67 stones (quivered)
 f - 47 bolts
 h - 8 poisoned darts
 l - 31 sling bullets
 n - 74 arrows
 u - 7 curare-tipped darts
Armour
 b - a +0 scale mail (worn)
 c - a +0 kite shield (worn)
Jewellery
 m - a ring of protection from fire (left hand)
 p - a ring of poison resistance (right hand)
Scrolls
 i - 2 scrolls of identify
 j - a scroll of fog {unknown}
 k - a scroll of blinking {unknown}
 o - 3 scrolls of fear {unknown}
 q - a scroll of teleportation {unknown}
 r - a scroll of random uselessness {unknown}
 v - a scroll of magic mapping {unknown}
 w - a scroll of enchant weapon {unknown}
Potions
 d - a potion of might
 g - a potion of attraction
 t - a potion of flight {unknown}


   Skills:
 + Level 4.5 Fighting
 + Level 3.4 Axes
 + Level 4.5 Armour
 + Level 4.9 Shields


You had 3 spell levels left.
You knew the following spells:

 Your Spells              Type           Power        Failure   Level
a - Slow                  Hex            #.......     98%         2

Your spell library contained the following spells:

 Spells                   Type           Power        Failure   Level
 Magic Dart               Conj           #...         95%         1
 Call Imp                 Summ           #.......     98%         2
 Conjure Flame            Conj/Fire      #.......     100%        3
 Mephitic Cloud           Conj/Pois/Air  #.......     100%        3
 Blink                    Tloc           Unusable     N/A         2

Dungeon Overview and Level Annotations

Branches:
Dungeon (4/15)
 Temple: D:4-7

Altars:

Annotations:
D:4 Dowan, Duvessa


Innate Abilities, Weirdness & Mutations

You cannot be hasted, slowed, berserked, paralysed or teleported.
You can dig through walls and to a lower floor.
Your four strong arms can wield two-handed weapons with a shield.
You have a pair of large antennae on your head. (SInv)


Message History

You block Duvessa's attack.
You barely miss Duvessa.
Duvessa is heavily wounded.
Duvessa hits you but does no damage.
You hit Duvessa but do no damage.
Duvessa is heavily wounded.
You block Duvessa's attack. x2
You hit Duvessa.
Duvessa is heavily wounded.
You block Duvessa's attack.
You hit Duvessa.
You feel better.
Duvessa is heavily wounded.
Duvessa hits you but does no damage.
You hit Duvessa.
You feel better.
Duvessa is severely wounded.
Duvessa barely misses you.
You barely miss Duvessa.
Duvessa is severely wounded.
Duvessa hits you with a +0 short sword!
You die... { ### #<# #.# #@# #e# {ooo

..Be.
.......
.........
#.###.#.#..
). #.#.#...


You could see Duvessa, Dowan, a worker ant and 3 orcs.

Vanquished Creatures
  3 orc wizards
  Robin (D:3)
  A gnoll (D:1)
  2 adders
  An ooze (D:1)
  A worm (D:3)
  A dart slug (D:2)
  4 leopard geckos
  9 orcs (D:3)
  A ball python (D:3)
  7 bats
  2 giant cockroaches
  11 goblins
  7 hobgoblins
  6 jackals
  6 kobolds
  2 quokkas
  3 frilled lizards
  12 rats
80 creatures vanquished.

Vanquished Creatures (others)
  2 plants (D:1)
2 creatures vanquished.

Grand Total: 82 creatures vanquished

Notes
Turn   | Place    | Note
-------+----------+-------------------------------------------
     0 | D:1      | Descartes the Formicid Fighter began the quest for the Orb.
     0 | D:1      | Reached XP level 1. HP: 18/18 MP: 1/1
    33 | D:1      | Reached XP level 2. HP: 22/24 MP: 2/2
   344 | D:1      | Reached XP level 3. HP: 29/29 MP: 3/3
  1004 | D:2      | Reached XP level 4. HP: 34/37 MP: 4/4
  1771 | D:3      | Learned a level 2 spell: Slow
  1818 | D:3      | Noticed Robin
  1840 | D:3      | Killed Robin
  1840 | D:3      | Reached XP level 5. HP: 13/42 MP: 5/5
  2554 | D:3      | Reached XP level 6. HP: 28/49 MP: 6/6
  2877 | D:4      | Noticed Duvessa
  2887 | D:4      | Noticed Dowan
  2903 | D:4      | HP: 1/49 [Duvessa/+0 short sword (6)]
  2910 | D:4      | Slain by Duvessa

Illustrated notes

Levels and vault maps discovered:
D:1:      scummos_arrival_gate, layout_loops_ring, serial_forest,
          infiniplex_forest_split, infiniplex_forest_clump_tiny,
          infiniplex_forest_lined_3, infiniplex_forest_corner_1,
          infiniplex_forest_clump_small, infiniplex_forest_straight_2,
          hangedman_decor_peaks_small
D:2:      layout_rooms
D:3:      layout_rooms, uniq_robin
D:4:      layout_basic, serial_shops, shop, uniq_duvessa, uniq_ijyb

Skill      XL: |  1  2  3  4  5 |
---------------+----------------+-----
Shields        | 4 |  4.9
Fighting       | 4 |  4.5
Armour         | 4 |  4.5
Axes           | 3 |  3.4

Action                   |  1- 3 |  4- 6 || total
-------------------------+-------+-------++-------
Melee: War axe           |    73 |   149 ||   222
       Hand axe          |       |    33 ||    33
 Abil: Dig               |       |     1 ||     1
  Use: Scroll            |       |     2 ||     2
Armor: Scale mail        |    33 |    68 ||   101
Dodge: Dodged            |    33 |    64 ||    97
Block: Kite shield       |    45 |   104 ||   149

Table legend: (Time is in decaauts)
 A = Elapsed time spent in this place.
 B = Non-inter-level travel time spent in this place.
 C = Inter-level travel time spent in this place.
 D = Time resting spent in this place.
 E = Time spent auto-exploring this place.
 F = Levels seen in this place.
 G = Mean time per level.
                   A        B        C        D        E       F      G
               +--------+--------+--------+--------+--------+-----+--------+
         Total |   3007 |   2926 |     81 |    221 |   2131 |   4 |  751.8 |
       Dungeon |   3007 |   2926 |     81 |    221 |   2131 |   4 |  751.8 |
               +--------+--------+--------+--------+--------+-----+--------+

Top non-repeatable levels by time:
     D:3: 1199 daAuts
     D:1: 1016 daAuts
     D:2: 750 daAuts
     D:4: 40 daAuts
